 Dungeon Crawl Stone Soup version 0.30-a0-1163-gf69bf04e7a (webtiles) character file.

Game seed: 17977174494066414822

77 Maxmaps the Chopper (level 4, -7/35 HPs)
             Began as a Demonspawn Monk on Apr 28, 2023.
             Splashed by a jelly's acid (8 damage)
             ... on level 3 of the Dungeon.
             The game lasted 00:02:39 (1732 turns).

Maxmaps the Chopper (Demonspawn Monk)               Turns: 1732, Time: 00:02:41

Health: -7/35      AC:  2    Str: 11    XL:     4   Next: 13%
Magic:  4/4        EV: 13    Int: 14    God:
Gold:   103        SH:  0    Dex: 15    Spells: 3/3 levels left

rFire   . . .        a - +0 hand axe
rCold   . . .        d - orb {light}
rNeg    . . .        p - +0 ring mail
rPois   .            (no helmet)
rElec   .            n - scarf {repulsion}
rCorr   .            (no gloves)
SInv    .            g - +0 pair of boots
Will    .....        (no amulet)
Stlth   +            (no ring)
HPRegen 0.25/turn    (no ring)
MPRegen 0.09/turn

%: repel missiles
@: corroded, glowing
A: repulsion field 1, powered by pain 1
a: no special abilities


You were on level 3 of the Dungeon.
You visited 1 branch of the dungeon, and saw 3 of its levels.

You collected 103 gold pieces.

Inventory:

Hand Weapons
 a - a +0 hand axe (weapon)
Armour
 d - an orb of light (worn)
 g - a +0 pair of boots (worn)
 n - a scarf of repulsion (worn)
 p - a +0 ring mail (worn)
Scrolls
 h - 2 scrolls of identify
 i - a scroll of fear {unknown}
 j - 2 scrolls of teleportation {unknown}
 q - a scroll of noise {unknown}
 r - a scroll of fog {unknown}
Potions
 b - 2 potions of magic
 c - a potion of ambrosia
 e - a potion of mutation {unknown}
 f - a potion of berserk rage {unknown}
 k - a potion of attraction {unknown}
 l - a potion of degeneration {unknown}
 m - a potion of lignification {unknown}
 o - 2 potions of might
 s - a potion of invisibility {unknown}


   Skills:
 - Level 3.0 Fighting
 - Level 4.0 Axes
 + Level 1.9 Armour
 - Level 2.6 Dodging


You had 3 spell levels left.
You didn't know any spells.
Your spell library contained the following spells:

 Spells                   Type           Power      Damage    Failure   Level
 Static Discharge         Conj/Air       0%         2-2/arc   71%         2
 Ignite Poison            Fire/Tmut/Pois 0%         N/A       90%         3
 Airstrike                Air            0%         2d(0-16)  100%        4
 Sticky Flame             Conj/Fire      0%         2d3       100%        4
 Summon Lightning Spire   Summ/Air       0%         N/A       100%        4
 Ignition                 Fire           0%         3d3       100%        8


Dungeon Overview and Level Annotations

Branches:
Dungeon (3/15)

Altars:


Innate Abilities, Weirdness & Mutations

You are surrounded by a mild repulsion field. (EV +2)
You sometimes gain a little power by taking damage.


Message History

You are too injured to fight recklessly!
You are too injured to fight recklessly!
You are too injured to fight recklessly!
You are too injured to fight recklessly!
You are too injured to fight recklessly!
You are too injured to fight recklessly!
You are too injured to fight recklessly!
You are too injured to fight recklessly!
You are too injured to fight recklessly!
Unknown command.
You are too injured to fight recklessly!
You are too injured to fight recklessly!
You hit the jelly.
Your hands burn!
* * * LOW HITPOINT WARNING * * *
The jelly is severely wounded.
You hit the endoplasm but do no damage. You hit the bat but do no damage.
The bat barely misses you. The endoplasm closely misses you.
The jelly hits you but does no damage.
You hit the jelly but do no damage.
Your hands burn!
* * * LOW HITPOINT WARNING * * *
The jelly is severely wounded.
You hit the endoplasm but do no damage. You hit the bat.
The bat barely misses you. The endoplasm hits you.
* * * LOW HITPOINT WARNING * * *
The jelly closely misses you. The bat misses you.
You hit the jelly.
Your hands burn!
* * * LOW HITPOINT WARNING * * *
The jelly is almost dead.
You hit the endoplasm. You hit the bat but do no damage. The bat hits you.
* * * LOW HITPOINT WARNING * * *
The jelly closely misses you. The endoplasm barely misses you.
Unknown command.
You completely miss the jelly.
The jelly is almost dead.
You hit the endoplasm.
You kill the endoplasm!
The bat misses you. The jelly hits you.
* * * LOW HITPOINT WARNING * * *
You are splashed with acid!
You die...

# ### ..# # #..... ####.. #
#.#... #.)..# ...# # #.##.#
#....# ..... # #.##.####....#
.... #####.##.##......###.b##
.................b...J.
###.#....####..J.#.(.# ...
##..#.##.# #...@#>..# #.#
#..##.##)####.......# #.#
..###.#....).....#..#### #.#
..##.............#.....# #.#
.>.......>.....###.###.# #.#
.#..#.......#..##..###.## #.#
....#.......#.#<........### ##.#
##........††#.........#...####..#
............#..#......###..##..##


You could see a jelly and a bat.

Vanquished Creatures
  An adder (D:3)
  3 endoplasms
  6 giant cockroaches
  8 goblins
  5 hobgoblins
  7 kobolds
  3 quokkas (D:1)
  10 ball pythons
  7 bats
  4 frilled lizards
  8 rats
62 creatures vanquished.

Notes
Turn   | Place    | Note
-------+----------+-------------------------------------------
     0 | D:1      | Maxmaps the Demonspawn Monk began the quest for the Orb.
     0 | D:1      | Reached XP level 1. HP: 18/18 MP: 1/1
    25 | D:1      | Reached skill level 3 in Axes
    67 | D:1      | Gained mutation: You are surrounded by a mild repulsion
                  | field. (EV +2) [demonic ancestry]
    67 | D:1      | Reached XP level 2. HP: 21/24 MP: 2/2
   286 | D:1      | Gained mutation: You sometimes gain a little power by
                  | taking damage. [demonic ancestry]
   286 | D:1      | Reached XP level 3. HP: 25/29 MP: 3/3
   625 | D:1      | Reached skill level 4 in Axes
   743 | D:2      | Found a faded altar of an unknown god.
  1016 | D:2      | Reached skill level 1 in Armour
  1533 | D:3      | Reached XP level 4. HP: 34/35 MP: 4/4
  1732 | D:3      | HP: 1/35 [jelly (2)]
  1732 | D:3      | Splashed by a jelly's acid

Illustrated notes

Levels and vault maps discovered:
D:1:      elethiomel_arrival_fortress_basement, layout_basic
D:2:      layout_basic, chequers_ecumenical_altar_simple
D:3:      layout_rooms, minmay_curled_crystal

Skill      XL: |  1  2  3 |
---------------+----------+-----
Axes           | 3 4 |  4.0
Armour         | 1 |  1.9
Fighting       | |  3.0
Dodging        | |  2.6

Action                     |  1- 3 |  4- 6 || total
---------------------------+-------+-------++-------
  Melee: Hand axe          |   142 |    19 ||   161
    Use: Scroll            |     2 |       ||     2
 Armour: Robe              |    15 |       ||    15
         Ring mail         |    26 |     7 ||    33
         Leather armour    |     7 |       ||     7
  Dodge: Dodged            |   107 |    23 ||   130

Table legend: (Time is in decaauts)
 A = Elapsed time spent in this place.
 B = Non-inter-level travel time spent in this place.
 C = Inter-level travel time spent in this place.
 D = Time resting spent in this place.
 E = Time spent auto-exploring this place.
 F = Levels seen in this place.
 G = Mean time per level.
                   A        B        C        D        E       F      G
               +--------+--------+--------+--------+--------+-----+--------+
         Total |   1749 |   1633 |    116 |      0 |   1211 |   3 |  583.0 |
       Dungeon |   1749 |   1633 |    116 |      0 |   1211 |   3 |  583.0 |
               +--------+--------+--------+--------+--------+-----+--------+

Top non-repeatable levels by time:
     D:2: 735 daAuts
     D:1: 722 daAuts
     D:3: 291 daAuts
